 Dungeon Crawl Stone Soup version 0.31-a0-216-g22e908daa7 (webtiles) character file.

Game seed: 14667361040897008628

140 qw the Shooter (level 5, 0/30 HPs)
             Began as a Gargoyle Hexslinger on July 1, 2023.
             Slain by Pargi (2 damage)
             ... in a sewer.
             The game lasted 00:00:55 (1855 turns).

qw the Shooter (Gargoyle Hexslinger)                Turns: 1855, Time: 00:00:56

Health: 0/30       AC:  9    Str: 12    XL:     5   Next: 23%
Magic:  6/6        EV: 10    Int: 13    God:
Gold:   166        SH:  0    Dex: 14    Spells: 5/6 levels left

rFire   . . .        e - +2 arbalest (heavy)
rCold   . . .        (shield currently unavailable)
rNeg    + . .        d - +0 ring mail
rPois   inf          (no helmet)
rElec   +            (no cloak)
rCorr   .            (no gloves)
SInv    .            (no boots)
Will    .....        (no amulet)
Stlth   +            (no ring)
HPRegen 0.25/turn    (no ring)
MPRegen 0.10/turn

%: no passive effects
@: no status effects
A: sickness immunity, AC +4, negative energy resistance 1, electricity
resistance, torment resistance 1, petrification resistance
a: no special abilities


You were in a sewer.
You visited 1 branch of the dungeon, and saw 4 of its levels.
You also visited: Sewer.

You collected 166 gold pieces.


Innate Abilities, Weirdness & Mutations

You are immune to sickness and miasma.
Your stone body is resilient. (AC +4)
You are immune to poison.
You resist negative energy. (rN+)
You are resistant to electric shocks. (rElec)
You are resistant to unholy torment.
You are immune to petrification.


   Skills:
 - Level 2.0 Fighting
 + Level 4.6 Ranged Weapons
 - Level 1.6 Armour
 - Level 1.5 Dodging
 - Level 1.0 Spellcasting
 - Level 2.6 Hexes


You had 5 spell levels left.
You knew the following spells:

 Your Spells              Type           Power      Damage    Failure   Level
a - Slow                  Hex            28%        N/A       21%         1

Your spell library contained the following spells:

 Spells                   Type           Power      Damage    Failure   Level
 Inner Flame              Hex/Fire       4%         N/A       71%         3
 Portal Projectile        Hex/Tloc       8%         N/A       71%         3
 Cause Fear               Hex            3%         N/A       90%         4

Inventory:

Hand Weapons
 e - a +2 heavy arbalest (weapon)
Armour
 b - a +2 pair of boots of stealth
 d - a +0 ring mail (worn)
 g - a +0 pair of gloves
Jewellery
 c - an amulet of the acrobat
Scrolls
 a - a scroll of identify
Potions
 f - a potion of enlightenment {unknown}
 h - a potion of might

Dungeon Overview and Level Annotations

Branches:
Dungeon (4/15)              Sewer (1/1)
 Temple: D:4-7

Altars:
Zin

Shops:
D:1 [

Annotations:
Sewer Pargi


Message History

Pargi is heavily wounded.
Pargi closely misses you. Pargi claws you but does no damage.
Pargi closely misses you. Pargi barely misses you.
Pargi claws you but does no damage. Pargi barely misses you. Pargi bites you.
Pargi claws you but does no damage. Pargi misses you.
You shoot a bolt. The bolt barely misses Pargi.
Pargi barely misses you. Pargi claws you but does no damage.
Pargi barely misses you. Pargi bites you but does no damage. Pargi misses you.
Pargi claws you.
You shoot a bolt. The bolt barely misses Pargi.
Pargi bites you but does no damage. Pargi barely misses you.
Pargi closely misses you. Pargi bites you but does no damage.
Pargi claws you but does no damage. x2; Pargi bites you but does no damage.
Pargi misses you. Pargi claws you but does no damage.
You shoot a bolt. The bolt barely misses Pargi.
Pargi barely misses you. x2; Pargi claws you but does no damage.
Pargi closely misses you. Pargi barely misses you.
Pargi claws you but does no damage. Pargi bites you. Pargi claws you.
Pargi claws you but does no damage.
You shoot a bolt. The bolt hits Pargi!!
Pargi is almost dead.
Pargi bites you. Pargi completely misses you.
Pargi claws you but does no damage. Pargi closely misses you.
Pargi claws you but does no damage. x2
You shoot a bolt. The bolt completely misses Pargi.
Pargi bites you. Pargi claws you but does no damage. x2
Pargi bites you but does no damage. Pargi claws you. Pargi misses you.
Pargi closely misses you. Pargi claws you. Pargi claws you but does no damage.
You shoot a bolt. The bolt closely misses Pargi.
Pargi bites you. Pargi claws you but does no damage. x2
Pargi closely misses you. Pargi claws you but does no damage. Pargi claws you.
Pargi bites you. Pargi claws you but does no damage. Pargi claws you.
You shoot a bolt. The bolt misses Pargi.
Pargi misses you. Pargi claws you but does no damage. Pargi barely misses you.
Pargi bites you. Pargi claws you but does no damage. x2
Pargi closely misses you. Pargi barely misses you. Pargi closely misses you.
You shoot a bolt. The bolt hits Pargi!
Pargi is almost dead.
Pargi bites you.
You die...

#..~#.~.#
#~.###..##
#.~. #~~.#
#~.# ##..#
#.. #..#
#. #~.#
##~~#
#...#
#@.##
#.T.#
~~~.##
#..~~.#
##.~.##
#~.~ ~#.#
!!#.


You could see Pargi.

Vanquished Creatures
  Jessica (D:3)
  Terence (D:2)
  2 adders
  A river rat (D:4)
  A worm (D:3)
  A dart slug (D:1)
  11 bats
  An endoplasm (D:4)
  2 giant cockroaches
  4 goblins
  4 hobgoblins
  5 jackals
  3 quokkas
  6 ball pythons
  3 frilled lizards
  5 kobolds
  8 rats
59 creatures vanquished.

Notes
Turn   | Place    | Note
-------+----------+-------------------------------------------
     0 | D:1      | qw the Gargoyle Hexslinger began the quest for the Orb.
     0 | D:1      | Reached XP level 1. HP: 12/12 MP: 2/2
     0 | D:1      | 0 ||| qw: Version: 0.3-a-35-g05ef00e
     0 | D:1      | 0 ||| qw: Game counter: 7710
     0 | D:1      | 0 ||| qw: Melee chars always use a shield: true
     0 | D:1      | 0 ||| qw: God list: Okawaru
     0 | D:1      | 0 ||| qw: Allow faded altars: false
     0 | D:1      | 0 ||| qw: Do Orc after clearing Dungeon:15 true
     0 | D:1      | 0 ||| qw: Do second Lair branch before Depths: true
     0 | D:1      | 0 ||| qw: Lair rune preference: random
     0 | D:1      | 0 ||| qw: Goals: Normal
     0 | D:1      | 0 ||| PLANNING D:1-11
    88 | D:1      | Reached XP level 2. HP: 16/16 MP: 3/3
   142 | D:1      | Found Cueramp's Antique Armour Shoppe.
   151 | D:1      | Reached skill level 3 in Ranged Weapons
   154 | D:1      | 154 ||| SHOPLISTING runed scarf (184 gold, have 15).
   210 | D:1      | Found a faded altar of an unknown god.
   755 | D:1      | 755 ||| UPGRADING to +0 ring mail.
   765 | D:1      | 765 ||| DROPPING +0 robe.
   766 | D:1      | 766 ||| DROPPING ring of magical power.
   767 | D:1      | 767 ||| READING scroll labelled NEECAD SENADIXOY.
   768 | D:1      | 768 ||| READING scroll labelled ZYPLEZ OLEOTOGUFA.
   769 | D:1      | 769 ||| DRINKING 2 fizzy pink potions.
   770 | D:1      | 770 ||| DROPPING scroll of poison.
   863 | D:2      | Reached XP level 3. HP: 21/21 MP: 4/4
   876 | D:2      | Found a glowing silver altar of Zin.
  1181 | D:2      | Noticed Terence
  1189 | D:2      | HP: 3/21 [Terence/+0 flail (7)]
  1190 | D:2      | 1190 ||| DRINKING potion of heal wounds.
  1193 | D:2      | Killed Terence
  1194 | D:2      | Reached skill level 4 in Ranged Weapons
  1194 | D:2      | Reached XP level 4. HP: 18/26 MP: 5/5
  1292 | D:2      | 1292 ||| READING 3 scrolls of identify.
  1292 | D:2      | 1292 ||| IDENTIFYING grey potion
  1293 | D:2      | 1293 ||| READING 2 scrolls of identify.
  1293 | D:2      | 1293 ||| IDENTIFYING viscous grey potion
  1294 | D:2      | 1294 ||| DROPPING potion of lignification.
  1341 | D:3      | Noticed Jessica
  1347 | D:3      | Killed Jessica
  1348 | D:3      | Reached skill level 1 in Armour
  1438 | D:3      | Reached XP level 5. HP: 24/30 MP: 6/6
  1759 | D:3      | 1759 ||| READING scroll labelled GIFYUPESUMA.
  1760 | D:3      | 1760 ||| READING scroll labelled XOWUNU JOSO.
  1760 | D:3      | Identified a scroll of acquirement
  1760 | D:3      | 1760 ||| ACQUIRING +2 heavy arbalest
  1760 | D:3      | Acquired a +2 heavy arbalest
  1762 | D:3      | 1762 ||| SWAPPING to +2 heavy arbalest.
  1763 | D:3      | 1763 ||| DROPPING +1 sling.
  1764 | D:3      | 1764 ||| READING scroll labelled LEALISCHOTZO.
  1765 | D:3      | 1765 ||| READING scroll labelled SEXUPT XAAHIYMP.
  1766 | D:3      | 1766 ||| READING scroll labelled NORCHA CYUDUARI.
  1767 | D:3      | 1767 ||| READING 2 scrolls of identify.
  1767 | D:3      | 1767 ||| IDENTIFYING fuming emerald potion
  1768 | D:3      | 1768 ||| DROPPING potion of ambrosia.
  1793 | D:4      | 1793 ||| PLANNING SEWER
  1802 | D:4      | Found a glowing drain.
  1810 | D:4      | 1810 ||| Stepping ~*~*~tactically~*~*~ (water).
  1815 | Sewer    | Entered a sewer
  1844 | Sewer    | Noticed Pargi
  1853 | Sewer    | HP: 7/30 [Pargi (1)]
  1854 | Sewer    | HP: 1/30 [Pargi (6)]
  1855 | Sewer    | Slain by Pargi

Levels and vault maps discovered:
D:1:      dpeg_arrival_oval, layout_loops_cross,
          ebering_ecumenical_altar_petrified, serial_shops,
          nicolae_shop_peninsula
D:2:      layout_basic, basic_altar, minivault_27, serial_bayou_pond_a,
          lightli_corner_chamber, uniq_terence
D:3:      layout_rooms, uniq_jessica
D:4:      layout_rooms, cheibrodos_sewer_entry_sluice
Sewer:    sewer_the_moccasin

Skill      XL: |  1  2  3  4 |
---------------+-------------+-----
Ranged Weapons | 3 4 |  4.6
Fighting       | 2 |  2.0
Armour         | 1 |  1.6
Dodging        | |  1.5
Spellcasting   | |  1.0
Hexes          | |  2.6

Action                     |  1- 3 |  4- 6 || total
---------------------------+-------+-------++-------
   Fire: Sling             |   137 |    57 ||   194
         Arbalest          |       |    15 ||    15
    Use: Scroll            |     2 |     8 ||    10
         Potion            |     2 |       ||     2
 Armour: Robe              |    10 |       ||    10
         Ring mail         |    19 |    44 ||    63
  Dodge: Dodged            |    70 |    41 ||   111

Table legend:
 A = Non-vault XP
 B = Vault XP
 C = Vault XP percentage of total XP
 D = Non-vault monster count
 E = Vault monster count
 F = Vault count percentage of total count
                 A         B        C        D         E       F
            +---------+---------+-------+---------+---------+-------
      Total |     112 |      89 |  44.3 |      54 |       5 |   8.5
            +---------+---------+-------+---------+---------+-------
        D:1 |      30 |       0 |   0.0 |      19 |       0 |   0.0
        D:2 |      49 |      36 |  42.4 |      23 |       1 |   4.2
        D:3 |      31 |      37 |  54.4 |      11 |       1 |   8.3
        D:4 |       2 |      14 |  87.5 |       1 |       2 |  66.7
      Sewer |       0 |       2 | 100.0 |       0 |       1 | 100.0
            +---------+---------+-------+---------+---------+-------
